 Dungeon Crawl Stone Soup version 0.30-a0-457-g4b7bca3bfa (webtiles) character file.

Game seed: 11340242649774711751

1706 arthad the Firebug (level 9, -2/57 HPs)
             Began as an Octopode Fire Elementalist on Dec 13, 2022.
             Was a Follower of Sif Muna.
             Slain by ziggurnaut's ghost (26 damage)
             ... on level 6 of the Dungeon on Dec 14, 2022.
             The game lasted 00:18:37 (5638 turns).

arthad the Firebug (Octopode Fire Elementalist)     Turns: 5638, Time: 00:18:37

Health: -2/57      AC:  1    Str:  7    XL:     9   Next: 3%
Magic:  16/16      EV: 14    Int: 21    God:    Sif Muna [*.....]
Gold:   182        SH:  0    Dex: 13    Spells: 9/18 levels left

rFire   . . .      SeeInvis .    A - +2 morningstar (flame)
rCold   . . .      Faith    .    (no shield)
rNeg    . . .      Spirit   .    (helmet restricted)
rPois   .          Reflect  .    (no amulet)
rElec   .          Harm     .    (no ring)
rCorr   .          Rampage  .    (no ring)
Will    .....                    (no ring)
Stlth   ++++......               (no ring)
HPRegen 0.29/turn                (no ring)
MPRegen 0.15/turn                (no ring)
                                 (no ring)
                                 (no ring)

@: about to teleport
A: almost no armour, amphibious, 8 rings, camouflage 1, gelatinous body 1,
(nimble swimmer 1), tentacles
a: Renounce Religion, Channel Magic


You were on level 6 of the Dungeon.
You worshipped Sif Muna.
Sif Muna was aware of your devotion.
You visited 2 branches of the dungeon, and saw 7 of its levels.

You collected 182 gold pieces.

Inventory:

Hand Weapons
 m - a +1 short sword of speed
 n - a +1 whip of venom
 A - a +2 morningstar of flaming (weapon)
 C - a +1 spear of venom
Missiles
 p - 7 poisoned darts
 w - 6 curare-tipped darts
Armour
 B - the +4 ring mail of Xeodavetil {rPois rC+ Will+ Str-2}
   (You found it on level 6 of the Dungeon)

   Str:       It affects your strength (-2).
   rC:        It protects you from cold.
   rPois:     It protects you from poison.
   Will:      It increases your willpower.
Wands
 s - a wand of iceblast (4)
 u - a wand of digging (6)
 y - a wand of mindburst (8)
Scrolls
 b - 4 scrolls of amnesia
 f - a scroll of enchant weapon
 g - a scroll of poison
 k - 2 scrolls of teleportation
 l - 2 scrolls of blinking {unknown}
 o - 6 scrolls of identify {unknown}
 q - 2 scrolls of immolation {unknown}
 v - 2 scrolls of acquirement {unknown}
 D - a scroll of fog {unknown}
Potions
 a - 2 potions of magic
 c - 2 potions of berserk rage {unknown}
 d - 3 potions of mutation {unknown}
 e - 2 potions of brilliance {unknown}
 h - 2 potions of curing {unknown}
 i - 3 potions of attraction {unknown}
 r - 2 potions of heal wounds {unknown}
 t - a potion of lignification {unknown}
 x - a potion of ambrosia {unknown}
 z - a potion of degeneration {unknown}


   Skills:
 + Level 3.2 Fighting
 + Level 4.2 Dodging
 + Level 5.8 Stealth
 * Level 5.0 Spellcasting
 * Level 5.1 Conjurations
 * Level 5.9 Fire Magic
 + Level 2.1 Invocations


You had 9 spell levels left.
You knew the following spells:

 Your Spells              Type           Power      Damage    Failure   Level
a - Foxfire               Conj/Fire      100%       2x1d9     1%          1
b - Scorch                Fire           60%        2d8       1%          2
c - Inner Flame           Hex/Fire       17%        N/A       10%         3
d - Kindle Blastsparks    Fire/Tloc/Air  26%        2d12      14%         3

Your spell library contained the following spells:

 Spells                   Type           Power      Damage    Failure   Level
 Flame Wave               Conj/Fire      28%        2d9       11%         4
 Call Canine Familiar     Summ           5%         N/A       32%         3
 Portal Projectile        Hex/Tloc       10%        N/A       32%         3
 Leda's Liquefaction      Hex/Erth       2%         N/A       71%         4
 Irradiate                Conj/Tmut      8%         3d14      71%         5
 Blade Hands              Tmut           2%         N/A       96%         5
 Dragon Form              Tmut           2%         N/A       100%        7


Dungeon Overview and Level Annotations

Branches:
Dungeon (6/15)             Temple (1/1) D:4

Altars:
Ashenzari
Cheibriados
Dithmenos
Elyvilon
Gozag
Hepliaklqana
Makhleb
Nemelex Xobeh
Okawaru
Qazlal
Ru
Sif Muna
Trog
Uskayaw
Vehumet
Wu Jian
Xom
Zin
The Shining One

Annotations:
D:6 ziggurnaut's ghost, novice BaFi


Innate Abilities, Weirdness & Mutations

You cannot wear most types of armour.
You are amphibious.
You can wear up to eight rings at the same time.
Your skin changes colour to match your surroundings (Stealth+).
Your rubbery body absorbs attacks. (AC +1, EV +1)
((You are camouflaged when in or above water. (Stealth+)))
You have tentacles for arms and can constrict up to eight enemies at once.


Message History

Found a stone staircase leading up.
Found a hide-covered altar of Uskayaw.
f - 2 scrolls labelled KYXADWA CIVOL (gained 1)
Found a stone staircase leading down.
You see here a +1 scale mail of poison resistance.
Ziggurnaut's ghost turns its malevolent gaze towards you.
Could not explore, unopened runed door.
Casting: Foxfire (safe; 1% risk of failure)
Confirm with . or Enter, or press ? or * to list all spells.
You don't know that spell.
You open the door.
There is an open translucent door here.
Press: ? - help, v - describe, . - travel
Here: ziggurnaut's ghost, wielding a vorpal weapon Some shallow water.
As you read the scroll labelled PALYT TASUYLAO, it crumbles to dust.
It is a scroll of amnesia.
Really abort (and waste the scroll)? [Y]es or [N]o only, please.
Really abort (and waste the scroll)?
Okay, then.
Ziggurnaut's ghost barely misses you.
As you read the scroll labelled KYXADWA CIVOL, it crumbles to dust.
It is a scroll of enchant weapon.
Your +1 morningstar of flaming glows red for a moment.
Ziggurnaut's ghost hits you but does no damage.
The air fills with toxic fumes!
As you read the scroll labelled FATONT SOECINE, it crumbles to dust.
It was a scroll of poison.
Ziggurnaut's ghost misses you.
As you read the scroll labelled OSUOTA WIGUR, it crumbles to dust.
It is a scroll of enchant armour.
You aren't carrying any armour which can be enchanted further.
Ziggurnaut's ghost wails, "You will join me soon!"
Ziggurnaut's ghost hits you!
Unknown command.
As you read the scroll labelled KYEFEY BAFICH, it crumbles to dust.
You feel strangely unstable.
It was a scroll of teleportation.
Ziggurnaut's ghost hits you!! Ziggurnaut's ghost hits you!!
You die...

.##.....### ..........##
...#.......## #####
..##........###§§§#
..####.......##§§§#
.<.###.......##§§§#
...##.......###§§§#
##..........# #§W§#
#..........####@## ###
###..........#§§§# ###.###
##.........##§§§###..#..##
#...........§§§##..#...#.#
###..........#§####....#...#
#............#§.#....#...#.#
#............§§.#......#..###
#...........§§§.........#.#.#
............................###


You could see ziggurnaut's ghost.

Vanquished Creatures
  Maggie (D:6)
  A steam dragon (D:6)
  A black bear (D:4)
  3 ogres (D:5)
  An ice beast (D:6)
  A phantom (D:4)
  A gnoll sergeant (D:6)
  2 necrophages (D:5)
  3 scorpions
  5 hounds
  3 iguanas
  3 gnolls (D:6)
  8 adders
  A shadow imp (D:5)
  An ufetubus (D:5)
  A worm (D:2)
  4 dart slugs
  11 orcs
  8 endoplasms
  4 giant cockroaches
  8 goblins
  7 hobgoblins
  4 jackals (D:3)
  8 kobolds
  3 quokkas
  7 ball pythons
  2 bats (D:1)
  5 frilled lizards
  A rat (D:1)
108 creatures vanquished.

Vanquished Creatures (others)
  383 foxfires
383 creatures vanquished.

Grand Total: 491 creatures vanquished

Notes
Turn   | Place    | Note
-------+----------+-------------------------------------------
     0 | D:1      | arthad the Octopode Fire Elementalist began the quest for
                  | the Orb.
     0 | D:1      | Reached XP level 1. HP: 11/11 MP: 3/3
   124 | D:1      | Reached XP level 2. HP: 17/17 MP: 0/5
   592 | D:1      | Reached XP level 3. HP: 21/21 MP: 3/6
   868 | D:1      | Learned a level 2 spell: Scorch
   872 | D:1      | Learned a level 3 spell: Inner Flame
  1409 | D:2      | Reached XP level 4. HP: 27/27 MP: 1/7
  2073 | D:3      | Found a large runed translucent door.
  2074 | D:3      | Found a large runed translucent door.
  2140 | D:3      | Reached skill level 1 in Fighting
  2207 | D:3      | Reached XP level 5. HP: 33/33 MP: 6/8
  2563 | D:3      | Learned a level 3 spell: Kindle Blastsparks
  2600 | D:3      | Found a burning altar of Makhleb.
  2605 | D:3      | Found a shadowy altar of Dithmenos.
  2695 | D:4      | Found a staircase to the Ecumenical Temple.
  2705 | Temple   | Entered the Ecumenical Temple
  2945 | Temple   | Became a worshipper of Sif Muna the Loreminder
  3070 | D:4      | Noticed a black bear
  3084 | D:4      | Killed a black bear
  3085 | D:4      | Reached XP level 6. HP: 26/38 MP: 5/10
  3713 | D:5      | Entered Level 5 of the Dungeon
  3807 | D:5      | Reached XP level 7. HP: 44/44 MP: 6/12
  4052 | D:5      | Reached * piety under Sif Muna
  4272 | D:5      | Reached skill level 5 in Fire Magic
  4470 | D:5      | Reached skill level 5 in Stealth
  4470 | D:5      | Reached XP level 8. HP: 51/51 MP: 5/14
  4727 | D:6      | Reached skill level 1 in Invocations
  4874 | D:6      | Found an iron altar of Okawaru.
  4933 | D:6      | Noticed Maggie
  4941 | D:6      | Killed Maggie
  5119 | D:6      | Reached skill level 5 in Conjurations
  5170 | D:6      | Identified the +4 ring mail of Xeodavetil {rPois rC+ Will+
                  | Str-2}
  5196 | D:6      | Found a runed translucent door.
  5206 | D:6      | Reached skill level 5 in Spellcasting
  5206 | D:6      | Reached XP level 9. HP: 57/57 MP: 6/16
  5437 | D:6      | Found a hide-covered altar of Uskayaw.
  5490 | D:6      | Noticed ziggurnaut's ghost (novice BaFi)
  5638 | D:6      | Slain by ziggurnaut's ghost

Illustrated notes

Levels and vault maps discovered:
D:1:      minmay_arrival_glassed_features, layout_loops_ring
D:2:      layout_basic
D:3:      layout_loops_ring, jmf_multi_god_temple2
D:4:      layout_cave_pools, minmay_temple_entry_stoned_glass
D:5:      layout_basic
D:6:      layout_cave_pools, mainiacjoe_overflow_concentric_impassable,
          overflow_temple_1_default, ebering_ghost_reflecting_pool, hex_tiny,
          uniq_maggie
Temple:   regret_index_temple_generic_petals

Skill      XL: |  1  2  3  4  5  6  7  8 |
---------------+-------------------------+-----
Stealth        | 3 4 5 |  5.8
Conjurations   | 2 3 4 5 |  5.1
Fighting       | 1 2 3 |  3.2
Spellcasting   | 3 4 5 |  5.0
Fire Magic     | 4 5 |  5.9
Dodging        | 3 4 |  4.2
Invocations    | 2 |  2.1

Action                   |  1- 3 |  4- 6 |  7- 9 || total
-------------------------+-------+-------+-------++-------
Melee: Unarmed           |    34 |       |       ||    34
       Tentacles         |     9 |     3 |     2 ||    14
       Constrict         |     7 |     5 |     2 ||    14
       Whip              |       |    18 |     2 ||    20
       Morningstar       |       |       |     4 ||     4
       Punch             |       |       |     1 ||     1
Throw: Dart              |       |     9 |       ||     9
 Cast: Foxfire           |    43 |    81 |    91 ||   215
       Scorch            |     1 |     5 |    13 ||    19
       Kindle Blastspark |       |     1 |       ||     1
Evoke: Wand              |       |       |     1 ||     1
  Use: Scroll            |       |       |     5 ||     5
 Stab: Sleeping          |     1 |     1 |       ||     2
Armor: Skin              |     5 |     3 |     1 ||     9
Dodge: Dodged            |    26 |    17 |    13 ||    56

Table legend: (Time is in decaauts)
 A = Elapsed time spent in this place.
 B = Non-inter-level travel time spent in this place.
 C = Inter-level travel time spent in this place.
 D = Time resting spent in this place.
 E = Time spent auto-exploring this place.
 F = Levels seen in this place.
 G = Mean time per level.
                   A        B        C        D        E       F      G
               +--------+--------+--------+--------+--------+-----+--------+
         Total |   5640 |   5468 |    172 |    220 |   4413 |   7 |  805.7 |
       Dungeon |   5376 |   5251 |    125 |    220 |   4209 |   6 |  896.0 |
        Temple |    263 |    216 |     47 |      0 |    204 |   1 |  263.0 |
               +--------+--------+--------+--------+--------+-----+--------+

Top non-repeatable levels by time:
     D:3: 1004 daAuts
     D:5: 989 daAuts
     D:1: 951 daAuts
     D:6: 936 daAuts
     D:4: 776 daAuts
     D:2: 717 daAuts
  Temple: 263 daAuts
